 Dungeon Crawl Stone Soup version 0.21.0-25-ge575cb9 (webtiles) character file.

144757 dobroeutro the Fencer (level 16, -3/129 HPs)
             Began as a Demonspawn Fighter on Jan 25, 2018.
             Was the Champion of Okawaru.
             Killed from afar by a deep elf mage (38 damage)
             ... with a bolt of lightning
             ... on level 2 of the Elven Halls.
             The game lasted 01:05:22 (26704 turns).

dobroeutro the Fencer (Demonspawn Fighter)         Turns: 26704, Time: 01:05:23

Health: -3/129     AC: 24    Str: 32    XL:     16   Next: 85%
Magic:  29/29      EV: 17    Int: 10    God:    Okawaru [******]
Gold:   2428       SH: 13    Dex: 14    Spells: 15/15 levels left

rFire    + . .     SeeInvis .   b - +5 demon blade of Premature Burial {flame, rN++}
rCold    . . .     Gourm    .   c - +1 shield
rNeg     + + +     Faith    .   K - +4 leather armour of Moral Flaws {*Contam rN++ Str+5}
rPois    +         Spirit   .   D - +1 hat {MR+}
rElec    .         Reflect  .   X - +0 cloak of Cippeig {rF+ rCorr MP+9}
rCorr    +         Harm     .   B - +0 pair of gloves
MR       +++..                  (boots unavailable)
Stlth    +.........             H - amulet of regeneration
HPRegen  0.71/turn              T - ring of poison resistance
MPRegen  0.21/turn              L - ring "Lib Affu" {MR+ Str+5}

@: sanguine armour
A: talons 3, demonic guardian 1, negative energy resistance 1, sanguine armour 3
a: Heroism, Finesse, Renounce Religion


You were on level 2 of the Elven Halls.
You worshipped Okawaru.
Okawaru was exalted by your worship.
You were hungry.

You visited 5 branches of the dungeon, and saw 26 of its levels.
You also visited: Ossuary.

You collected 3331 gold pieces.
You spent 903 gold pieces at shops.

Inventory:

Hand Weapons
 b - the +5 demon blade of Premature Burial (weapon) {flame, rN++}
   (Okawaru gifted it to you on level 1 of the Lair of Beasts)

   It has been specially enchanted to burn those struck by it, causing extra
   injury to most foes and up to half again as much damage against particularly
   susceptible opponents.
   Big, fiery blades are also staple armaments of hydra-hunters.
   It greatly protects you from negative energy.
 u - a +0 scimitar of flaming
 z - the +2 scimitar of Past Mistakes {slice, Str+4 Dex+2}
   (Okawaru gifted it to you on level 15 of the Dungeon)

   It inflicts extra damage upon your enemies.
   It affects your strength (+4).
   It affects your dexterity (+2).
 S - a +3 scimitar
Armour
 c - a +1 shield (worn)
 v - the +0 hat "Olezil" {rElec rC- Regen+ Int+4}
   (Okawaru gifted it to you on level 2 of the Orcish Mines)

   It affects your intelligence (+4).
   It makes you vulnerable to cold.
   It insulates you from electricity.
   It increases your rate of regeneration.
 B - a +0 pair of gloves (worn)
 D - a +1 hat of magic resistance (worn)
 J - a +0 large shield of positive energy
 K - the +4 leather armour of Moral Flaws (worn) {*Contam rN++ Str+5}
   (You bought it in a shop on level 8 of the Dungeon)

   It affects your strength (+5).
   It greatly protects you from negative energy.
   It causes magical contamination when unequipped.
 M - a scarf of repulsion
 Q - a +1 cloak
 X - the +0 cloak of Cippeig (worn) {rF+ rCorr MP+9}
   (Okawaru gifted it to you on level 6 of the Lair of Beasts)

   It protects you from fire.
   It affects your magic capacity (+9).
   It protects you from acid and corrosion.
Jewellery
 h - an uncursed ring of protection from fire {unknown}
 s - an uncursed ring of fire
 t - an uncursed ring of protection from magic
 E - an uncursed ring of fire
 H - an amulet of regeneration (around neck)
 L - the ring "Lib Affu" (right hand) {MR+ Str+5}
   (You found it on level 9 of the Dungeon)

   [ring of strength]

   It affects your strength (+5).
   It affects your resistance to hostile enchantments.
 N - an uncursed ring of protection from cold
 T - a ring of poison resistance (left hand)
 Y - an uncursed ring of positive energy {unknown}
Wands
 a - a wand of acid (3)
 d - a wand of polymorph (1)
 y - a wand of digging (56)
 A - a wand of random effects (49)
 I - a wand of iceblast (3)
 R - a wand of flame (57)
Scrolls
 g - a scroll of brand weapon {unknown}
 k - 3 scrolls of fear
 m - 4 scrolls of enchant weapon
 n - 4 scrolls of silence
 p - 11 scrolls of identify
 x - 2 scrolls of magic mapping
 C - 4 scrolls of remove curse
 F - 3 scrolls of teleportation
 P - 2 scrolls of fog
 Z - 3 scrolls of enchant armour
Potions
 e - 6 potions of heal wounds
 i - 8 potions of flight
 j - 9 potions of curing
 l - a potion of invisibility
 o - 4 potions of agility
 q - 3 potions of mutation
 r - 5 potions of haste
 w - 3 potions of resistance
 G - 2 potions of might
Miscellaneous
 W - a lightning rod (4/4)
Comestibles
 f - 34 rations


   Skills:
 - Level 12.4 Fighting
 + Level 18.3 Long Blades
 - Level 11.4 Armour
 - Level 11.1 Dodging
 - Level 6.0 Shields
 - Level 6.0 Invocations
 - Level 6.0 Evocations


You had 15 spell levels left.
You didn't know any spells.

Dungeon Overview and Level Annotations

Branches:
Dungeon (15/15)            Temple (1/1) D:7            Lair (6/6) D:8
 Shoals (0/4) Lair:4       Spider (0/4) Lair:2        Slime (0/5) Lair:6
    Orc (2/2) D:10            Elf (2/3) Orc:2        Vaults (0/5) D:13
 Depths (0/5) D:15

Altars:
Ashenzari
Cheibriados
Dithmenos
Elyvilon
Fedhas
Gozag
Hepliaklqana
Kikubaaqudgha
Makhleb
Nemelex Xobeh
Okawaru
Qazlal
Ru
Sif Muna
Trog
Uskayaw
Vehumet
Wu Jian
Xom
Yredelemnul
Zin
The Shining One
Beogh

Shops:
D:8 [   Orc:1 (((?   Orc:2 (*}(   Elf:1 *

Annotations:
D:14 1 runed door, exclusion: Roxanne, Roxanne
Lair:6 exclusion: 4 oklob plants
Elf:1 Frances


Innate Abilities, Weirdness & Mutations

You have claws for feet.
A weak demonic guardian rushes to your aid.
You resist negative energy. (rN+)
When seriously injured, your bleeding wounds create very thick armour. (AC +12)


Message History

You claw the deep elf mage.
The deep elf mage is severely wounded.
The deep elf mage gestures at you while chanting.
The magic dart hits you!
You slice the deep elf mage!! You burn the deep elf mage.
You kill the deep elf mage!
Okawaru accepts your kill.
The battlesphere dissipates.
You swing at nothing.
The deep elf mage gestures at you while chanting.
The bolt of lightning hits you!
* * * LOW HITPOINT WARNING * * *
The bolt of lightning hits your ufetubus.
Your ufetubus dies!
The bolt of lightning hits your ufetubus.
Your ufetubus dies!
Items here: ( ))))))))) [[[[ †††† The deep elf mage casts a spell at you.
The bolt of lightning hits you!
You die...

######
##....##
#......#
#....[.# .
##.))(## .#
####5## # ..
##)######.#.#
##@##.§#..#
#§e(..)..##.#
#))..()......
#..(......#.#
....###..#..##
...## ###..##
## %.# #..#
###


You could see a deep elf mage and a friendly white imp.

Vanquished Creatures
  Gastronok (Lair:1)
  An emperor scorpion (D:15)
  A deep elf elementalist (Elf:1)
  Louise (D:14)
  A stone giant (Orc:1)
  2 dire elephants
  A deep elf annihilator (Elf:2)
  Snorg (D:13)
  The ghost of dobroeutro the Carver, a journeyman DsFi of Okawaru (D:14)
  An ettin (Orc:2)
  3 fire dragons
  Josephine (Orc:2)
  2 ogre magi (Orc:2)
  Fannar (Lair:1)
  4 vault guards (D:13)
  The ghost of Nanban the Cruncher, a journeyman DsGl of Kikubaaqudgha (Lair:3)
  7 hydras
  A catoblepas (D:13)
  6 centaur warriors
  The ghost of AdmiralAndromeda the Slicer, a journeyman KoBe of Trog (D:12)
  12 two-headed ogres
  A queen ant (Lair:2)
  5 death yaks (D:8)
  5 dancing weapons
  Urug (D:11)
  4 deep elf knights
  Nergalle (D:11)
  2 deep trolls (Orc:2)
  3 skeletal warriors
  2 unseen horrors
  A swamp dragon (Lair:6)
  A necromancer (Elf:1)
  3 lindwurms
  14 deep elf archers
  A wolf spider zombie (D:14)
  29 deep elf magi
  3 orc knights (Orc:2)
  An oklob plant (Lair:2)
  20 ugly things
  5 cyclopes
  An orc sorcerer (Orc:1)
  2 manticores
  Maurice (D:9)
  A merfolk siren (Lair:4)
  A black mamba (Lair:5)
  11 spiny frogs
  2 gargoyles
  Joseph (D:9)
  5 torpor snails (Lair:6)
  12 komodo dragons
  3 kobold demonologists
  14 rime drakes
  11 trolls
  3 tyrant leeches (Lair:6)
  A queen bee (Lair:1)
  2 tengu conjurers (D:13)
  3 jumping spiders (Lair:2)
  A wind drake (shapeshifter) (D:13)
  7 hornets
  3 polar bears (Lair:4)
  7 dream sheep (Lair:6)
  9 blink frogs
  11 hippogriffs
  A shadow (D:13)
  5 redbacks (Lair:2)
  2 air elementals
  7 wraiths
  A water elemental (Elf:1)
  Sigmund (D:6)
  2 vampires
  33 yaks
  2 fire elementals (Elf:1)
  A hungry ghost (D:13)
  3 vampire mosquitoes (D:14)
  7 basilisks
  10 steam dragons
  Edmund (D:6)
  A large abomination (Elf:1)
  3 wargs
  3 acid dragons
  11 soldier ants
  12 water moccasins
  6 porcupines
  2 swamp drakes (Lair:6)
  23 orc warriors
  3 ice beasts
  A phantom (D:10)
  An eye of draining (shapeshifter) (Elf:1)
  4 sky beasts
  2 necrophages
  A black bear (D:7)
  17 centaurs
  31 ogres
  9 wolves
  4 boggarts (D:15)
  4 big kobolds
  23 crocodiles
  A big kobold (shapeshifter) (D:14)
  A gnoll sergeant (D:7)
  7 bullfrogs
  4 elf zombies (Elf:1)
  3 scorpions
  11 wights
  40 killer bees
  5 electric eels
  8 howler monkeys
  3 crimson imps
  3 centaur zombies
  2 quasits
  2 bullfrog zombies
  10 hounds
  23 orc priests
  A bullfrog skeleton (D:13)
  6 jellies
  Crazy Yiuf (D:2)
  A gnoll shaman (D:7)
  7 centaur skeletons
  9 iguanas
  24 orc wizards
  28 worker ants
  A big kobold zombie (Ossuary)
  3 hound skeletons
  8 mummies (Ossuary)
  A howler monkey zombie (D:10)
  4 worker ant zombies
  6 gnolls
  11 adders
  A howler monkey skeleton (D:11)
  2 shadow imps
  An adder zombie (D:5)
  2 oozes
  2 worms
  2 dart slugs
  8 leopard geckos
  103 orcs
  7 bats
  5 giant cockroaches
  A gnoll zombie (Ossuary)
  8 goblins
  7 hobgoblins
  11 jackals
  18 kobolds
  3 quokkas
  11 frilled lizards
  2 hobgoblin zombies (Ossuary)
  A jackal skeleton (D:6)
  A kobold zombie (Ossuary)
  2 leopard gecko skeletons
  3 orc zombies (Ossuary)
  A quokka zombie (D:7)
  7 rats
  A plant (Lair:6)
945 creatures vanquished.

Vanquished Creatures (collateral kills)
  An orc knight (Orc:1)
  2 ugly things
  The ghost of dobroeutro the Slasher, a novice DsFi of Dithmenos (D:6)
  A naga mage (D:15)
  A spiny frog (Lair:5)
  A centaur skeleton (D:13)
  A troll (D:11)
  A hippogriff (D:12)
  4 yaks
  A hungry ghost (D:10)
  A water moccasin (Lair:6)
  A black bear (D:6)
  2 ogres (D:7)
  The ghost of Brandom the Ruffian, an amateur TrAM of Hepliaklqana (D:3)
  A boggart (D:15)
  A centaur (D:4)
  A crocodile (Lair:3)
  2 bullfrogs
  A hound (D:3)
  2 orc priests (D:4)
  An orc wizard (D:5)
  An iguana (Lair:4)
  3 worker ants
  3 gnolls
  An adder (D:9)
  2 leopard geckos
  4 orcs
42 creatures vanquished.

Vanquished Creatures (others)
  A deep elf mage (Elf:1)
  A tengu conjurer (D:13)
  A crocodile (Lair:5)
  An orc (D:12)
  2 fungi
  11 plants (Lair:6)
17 creatures vanquished.

Grand Total: 1004 creatures vanquished

Notes
Turn   | Place    | Note
-------+----------+-------------------------------------------
     0 | D:1      | dobroeutro the Demonspawn Fighter began the quest for the Orb.
     0 | D:1      | Reached XP level 1. HP: 18/18 MP: 1/1
    19 | D:1      | Reached skill level 2 in Long Blades
    76 | D:1      | Gained mutation: A weak demonic guardian rushes to your aid. [demonic ancestry]
    76 | D:1      | Reached XP level 2. HP: 9/24 MP: 2/2
   381 | D:1      | Reached skill level 3 in Long Blades
   654 | D:2      | Gained mutation: When seriously injured, your bleeding wounds create armour. (AC +12) [demonic ancestry]
   654 | D:2      | Reached XP level 3. HP: 29/29 MP: 3/3
   985 | D:2      | Reached skill level 4 in Long Blades
   985 | D:2      | Gained mutation: You have sharp toenails. [demonic ancestry]
   985 | D:2      | Reached XP level 4. HP: 28/35 MP: 4/4
  1006 | D:2      | Found a shimmering altar of Xom.
  1267 | D:2      | Found a runed door.
  1271 | D:2      | Noticed Crazy Yiuf
  1370 | D:2      | Killed Crazy Yiuf
  1469 | D:3      | Noticed a centaur
  1597 | D:3      | Killed a centaur
  1597 | D:3      | Reached skill level 5 in Long Blades
  1597 | D:3      | Gained mutation: When seriously injured, your bleeding wounds create thick armour. (AC +12) [demonic ancestry]
  1597 | D:3      | Reached XP level 5. HP: 41/41 MP: 5/5
  1710 | D:3      | Found a bloodstained altar of Trog.
  2160 | D:3      | Noticed Brandom's ghost (amateur TrAM)
  2172 | D:3      | Killed Brandom's ghost
  2172 | D:3      | Reached XP level 6. HP: 26/47 MP: 6/6
  2268 | D:3      | Reached skill level 6 in Long Blades
  3333 | D:5      | Entered Level 5 of the Dungeon
  3384 | D:5      | Found a sand-covered staircase.
  3391 | Ossuary  | Entered an ossuary
  3424 | Ossuary  | Reached skill level 7 in Long Blades
  3530 | Ossuary  | Gained mutation: When seriously injured, your bleeding wounds create very thick armour. (AC +12) [demonic ancestry]
  3530 | Ossuary  | Reached XP level 7. HP: 50/52 MP: 7/7
  4238 | D:5      | Reached skill level 1 in Dodging
  4242 | D:5      | Found a radiant altar of Vehumet.
  4246 | D:5      | Found a glowing golden altar of the Shining One.
  4425 | D:5      | Found a snail-covered altar of Cheibriados.
  4541 | D:5      | Reached XP level 8. HP: 53/59 MP: 8/8
  4691 | D:6      | Reached skill level 8 in Long Blades
  5260 | D:6      | Noticed Edmund
  5292 | D:6      | Killed Edmund
  5313 | D:6      | Noticed Sigmund
  5353 | D:6      | Killed Sigmund
  5353 | D:6      | Gained mutation: You have razor-sharp toenails. [demonic ancestry]
  5353 | D:6      | Reached XP level 9. HP: 46/67 MP: 9/9
  5386 | D:6      | Reached skill level 5 in Fighting
  5416 | D:6      | Noticed dobroeutro's ghost (novice DsFi)
  5441 | D:6      | Killed dobroeutro's ghost
  5968 | D:7      | Found a shattered altar of Ashenzari.
  6026 | D:7      | Found a sacrificial altar of Ru.
  6167 | D:7      | Found a basalt altar of Yredelemnul.
  6227 | D:7      | Reached skill level 5 in Shields
  6234 | D:7      | Reached skill level 5 in Armour
  6479 | D:7      | Reached skill level 9 in Long Blades
  6648 | D:7      | Noticed a manticore
  6659 | D:7      | Killed a manticore
  6679 | D:7      | Gained mutation: You have claws for feet. [demonic ancestry]
  6679 | D:7      | Reached XP level 10. HP: 47/76 MP: 10/10
  6785 | D:7      | Found a staircase to the Ecumenical Temple.
  6829 | Temple   | Entered the Ecumenical Temple
  7025 | Temple   | Became a worshipper of Warmaster Okawaru
  7708 | D:8      | Noticed a death yak
  7709 | D:8      | Found a staircase to the Lair.
  7709 | D:8      | Noticed a death yak
  7710 | D:8      | Noticed a death yak
  7714 | D:8      | Noticed a death yak
  7851 | D:7      | Reached skill level 5 in Dodging
  8044 | D:8      | Found Tuifod's Antique Armour Shop.
  8048 | D:8      | Bought an ichor-stained leather armour for 196 gold pieces
  8066 | D:8      | Identified the +4 leather armour of Moral Flaws {*Contam rN++ Str+5} (You bought it in a shop on level 8 of the Dungeon)
  8234 | D:9      | Reached * piety under Okawaru
  8336 | D:9      | Got a brightly glowing glass ring
  8470 | D:9      | Reached skill level 1 in Invocations
  8618 | D:9      | Noticed a two-headed ogre
  8630 | D:9      | Killed a two-headed ogre
  8745 | D:9      | Noticed a two-headed ogre
  8756 | D:9      | Killed a two-headed ogre
  8756 | D:9      | Reached ** piety under Okawaru
  8936 | D:9      | Noticed Maurice
  8960 | D:9      | Killed Maurice
  9012 | D:9      | Noticed Joseph
  9031 | D:9      | Killed Joseph
  9070 | D:9      | Found an ancient bone altar of Kikubaaqudgha.
  9074 | D:9      | Identified the ring "Lib Affu" {MR+ Str+5} (You found it on level 9 of the Dungeon)
  9116 | D:10     | Entered Level 10 of the Dungeon
  9226 | D:10     | Reached XP level 11. HP: 84/84 MP: 13/13
  9288 | D:10     | Reached *** piety under Okawaru
  9957 | D:10     | Found a staircase to the Orcish Mines.
 10068 | D:11     | Reached skill level 10 in Long Blades
 10097 | D:11     | Reached **** piety under Okawaru
 10161 | D:11     | Noticed a two-headed ogre
 10168 | D:11     | Killed a two-headed ogre
 10168 | D:11     | Reached skill level 5 in Invocations
 10192 | D:11     | Noticed Urug
 10203 | D:11     | Killed Urug
 10367 | D:11     | Noticed Nergalle
 10389 | D:11     | Killed Nergalle
 10389 | D:11     | Reached ***** piety under Okawaru
 10389 | D:11     | Received a gift from Okawaru
 10455 | D:11     | Noticed a two-headed ogre
 10462 | D:11     | Killed a two-headed ogre
 11079 | D:12     | Found a bloodstained altar of Trog.
 11141 | D:12     | Noticed a skeletal warrior
 11254 | D:12     | Noticed a skeletal warrior
 11271 | D:12     | Noticed a skeletal warrior
 11289 | D:12     | Killed a skeletal warrior
 11354 | D:13     | Received a gift from Okawaru
 11354 | D:13     | Gained mutation: You resist negative energy. (rN+) [demonic ancestry]
 11354 | D:13     | Reached XP level 12. HP: 61/94 MP: 14/16
 11463 | D:13     | Noticed a centaur warrior
 11471 | D:13     | Killed a centaur warrior
 11490 | D:13     | Noticed an eight-headed hydra
 11513 | D:13     | Killed a ten-headed hydra
 11598 | D:13     | Noticed a catoblepas
 11598 | D:13     | Noticed a vault guard
 11598 | D:13     | Noticed a vault guard
 11612 | D:13     | Noticed a vault guard
 11612 | D:13     | Noticed a vault guard
 11627 | D:13     | Killed a vault guard
 11668 | D:13     | Noticed a two-headed ogre
 11672 | D:13     | Noticed a centaur warrior
 11680 | D:13     | Noticed Snorg
 11690 | D:13     | Killed Snorg
 11690 | D:13     | Reached skill level 11 in Long Blades
 11844 | D:13     | Noticed an eight-headed hydra
 11950 | D:12     | Noticed AdmiralAndromeda's ghost (journeyman KoBe)
 11972 | D:12     | Killed AdmiralAndromeda's ghost
 12161 | D:12     | Received a gift from Okawaru
 12356 | D:12     | Reached skill level 10 in Fighting
 13030 | Orc:1    | Entered Level 1 of the Orcish Mines
 13030 | Orc:1    | Found Ymmudgh's Weapon Shop.
 13030 | Orc:1    | Noticed a stone giant
 13255 | D:8      | Killed a death yak
 13264 | D:8      | Killed a death yak
 13392 | D:8      | Noticed a death yak
 13442 | D:8      | Killed a death yak
 13446 | D:8      | Killed a death yak
 13453 | D:8      | Killed a death yak
 13453 | D:8      | Reached XP level 13. HP: 48/103 MP: 17/17
 13563 | Lair:1   | Entered Level 1 of the Lair of Beasts
 13573 | Lair:1   | Noticed Fannar
 13592 | Lair:1   | Killed Fannar
 13592 | Lair:1   | Received a gift from Okawaru
 14036 | Lair:1   | Noticed Gastronok
 14261 | Lair:1   | Got a bloodstained demon blade {god gift}
 14274 | D:8      | Identified the +5 demon blade of Premature Burial {flame, rN++} (Okawaru gifted it to you on level 1 of the Lair of Beasts)
 14697 | Lair:1   | Killed Gastronok
 14697 | Lair:1   | Reached skill level 1 in Evocations
 14887 | Lair:2   | Found a hole to the Spider Nest.
 14971 | Lair:2   | Reached ****** piety under Okawaru
 15053 | Lair:2   | Received a gift from Okawaru
 15053 | Lair:2   | Reached skill level 10 in Armour
 15060 | Lair:2   | Reached skill level 12 in Long Blades
 15898 | Lair:3   | Noticed Nanban's ghost (journeyman DsGl)
 15924 | Lair:3   | Killed Nanban's ghost
 16158 | Lair:3   | Noticed Rupert
 16202 | Lair:3   | Noticed Rupert
 16202 | Lair:3   | Rupert changed into Rupert the frost giant
 16397 | Lair:3   | Noticed Rupert
 16397 | Lair:3   | Rupert the frost giant changed into Rupert the dire elephant
 16420 | Lair:3   | Killed Rupert the dire elephant
 17288 | Lair:5   | Reached skill level 10 in Dodging
 17482 | Lair:5   | Reached XP level 14. HP: 90/113 MP: 18/18
 17827 | Lair:5   | Received a gift from Okawaru
 17994 | Lair:5   | Reached skill level 5 in Evocations
 18389 | Lair:4   | Found a staircase to the Shoals.
 19033 | Lair:6   | Entered Level 6 of the Lair of Beasts
 19480 | Lair:6   | Found a staircase to the Slime Pits.
 19917 | Lair:6   | Found a runed door.
 19953 | Lair:6   | Reached skill level 13 in Long Blades
 19971 | Lair:6   | Received a gift from Okawaru
 19985 | Lair:6   | Got a translucent cloak {god gift}
 19996 | Lair:6   | Identified the +0 cloak of Cippeig {rF+ rCorr MP+9} (Okawaru gifted it to you on level 6 of the Lair of Beasts)
 20520 | Orc:1    | Killed a stone giant
 20546 | Orc:1    | Found a roughly hewn altar of Beogh.
 20568 | Orc:1    | Found Henufeab's Antique Weapon Boutique.
 20571 | Orc:1    | Found Xuido's Antique Weapon Boutique.
 20702 | Orc:2    | Entered Level 2 of the Orcish Mines
 20755 | Orc:2    | Reached XP level 15. HP: 111/122 MP: 19/19
 20790 | Orc:2    | Noticed Josephine
 20797 | Orc:2    | Killed Josephine
 20825 | Orc:2    | Found a staircase to the Elven Halls.
 21130 | Orc:2    | Found Enoasael's Assorted Antiques.
 21188 | Orc:2    | Found Ymeado's Weapon Shop.
 21194 | Orc:2    | Found Osuohykh's Gadget Emporium.
 21226 | Orc:2    | Reached skill level 14 in Long Blades
 21291 | Orc:2    | Found Vualiwn's Antique Weapon Boutique.
 21420 | Orc:2    | Received a gift from Okawaru
 21492 | Orc:2    | Got an ichor-stained hat {god gift}
 21503 | Orc:2    | Identified the +0 hat "Olezil" {rElec rC- Regen+ Int+4} (Okawaru gifted it to you on level 2 of the Orcish Mines)
 21541 | Orc:2    | Bought a bubbling silvery potion for 23 gold pieces
 21554 | Orc:2    | Bought a lightning rod (4/4) for 600 gold pieces
 22012 | Orc:1    | Found Odwin's Magic Scroll Shoppe.
 22060 | Orc:1    | Bought a scroll of magic mapping for 45 gold pieces
 22060 | Orc:1    | Bought a scroll of teleportation for 39 gold pieces
 22449 | D:13     | Reached skill level 15 in Long Blades
 22701 | D:13     | Found a gate to the Vaults.
 23045 | D:14     | Noticed Roxanne
 23392 | D:14     | Received a gift from Okawaru
 23506 | D:14     | Noticed Louise
 23529 | D:14     | Killed Louise
 23529 | D:14     | Reached skill level 16 in Long Blades
 24149 | D:14     | Noticed dobroeutro's ghost (journeyman DsFi)
 24163 | D:14     | Killed dobroeutro's ghost
 24163 | D:14     | Reached XP level 16. HP: 127/129 MP: 20/20
 24219 | D:14     | Found a runed door.
 24219 | D:14     | Noticed a sphinx
 24220 | D:14     | Found the +8 lance "Wyrmbane" {slay drac, rPois rF+ rC+ AC+3}
 24506 | D:15     | Entered Level 15 of the Dungeon
 25028 | D:15     | Found a staircase to the Depths.
 25303 | D:15     | Received a gift from Okawaru
 25310 | D:15     | Got a warped scimitar {god gift}
 25311 | D:15     | Identified the +2 scimitar of Past Mistakes {slice, Str+4 Dex+2} (Okawaru gifted it to you on level 15 of the Dungeon)
 25491 | D:15     | Found a sacrificial altar of Ru.
 25702 | Elf:1    | Entered Level 1 of the Elven Halls
 25822 | Elf:1    | Reached skill level 17 in Long Blades
 26402 | Elf:1    | Found Rezop's Assorted Antiques.
 26475 | Elf:1    | Received a gift from Okawaru
 26507 | Elf:1    | Noticed Frances
 26531 | Elf:2    | Noticed a deep elf blademaster
 26614 | Elf:2    | Reached skill level 18 in Long Blades
 26638 | Elf:2    | Received a gift from Okawaru
 26704 | Elf:2    | Killed from afar by a deep elf mage

Skill      XL: |  1  2  3  4  5  6  7  8  9 10 11 12 13 14 15 16 |
---------------+-------------------------------------------------+-----
Long Blades    | 2 3 4 5 7 8 9 10 11 12 13 16 18 | 18.3
Armour         | 3 4 5 6 8 9 10 11 | 11.4
Dodging        | 1 3 4 5 7 8 10 11 | 11.1
Shields        | 3 4 5 6 |  6.0
Fighting       | 4 6 7 8 10 11 12 | 12.4
Invocations    | 3 6 |  6.0
Evocations     | 4 6 |  6.0

Action                   |  1- 3 |  4- 6 |  7- 9 | 10-12 | 13-15 | 16-18 || total
-------------------------+-------+-------+-------+-------+-------+-------++-------
Melee: Long sword        |   137 |   159 |   273 |       |       |       ||   569
       Kick              |       |    41 |   124 |   313 |   562 |   189 ||  1229
       Scimitar          |       |       |   127 |   712 |   112 |       ||   951
       Demon blade       |       |       |       |       |  1312 |   392 ||  1704
Invok: Heroism           |       |       |       |     6 |     8 |     3 ||    17
       Finesse           |       |       |       |       |       |     1 ||     1
Evoke: Wand              |       |       |       |    18 |    32 |       ||    50
  Use: Potion            |       |     1 |       |       |     3 |     8 ||    12
       Scroll            |       |     7 |     6 |    16 |     6 |     5 ||    40
 Stab: Distracted        |       |       |     1 |     6 |     9 |     2 ||    18
       Sleeping          |       |       |       |     1 |     1 |       ||     2
       Confused          |       |       |       |     2 |       |       ||     2
       Paralysed         |       |       |       |     7 |       |       ||     7
       Invisible         |       |       |       |       |       |     2 ||     2
  Eat: Ration            |       |     1 |     1 |     1 |     3 |     2 ||     8
       Chunk             |       |     4 |     9 |    19 |    25 |     2 ||    59
Armor: Scale mail        |    79 |    52 |   137 |    32 |       |       ||   300
       Leather armour    |       |       |       |    70 |   236 |    62 ||   368
Dodge: Dodged            |    40 |    60 |   154 |   307 |   551 |   139 ||  1251
       Deflected         |       |       |       |    17 |     7 |       ||    24
Block: Shield            |    80 |    75 |   177 |   410 |   655 |   149 ||  1546
       Rpst.: Long sword |    16 |    21 |    26 |       |       |       ||    63
       Scimitar          |       |       |    15 |    75 |    37 |       ||   127
       Demon blade       |       |       |       |       |   108 |    35 ||   143
